 Dungeon Crawl Stone Soup version 0.17.1-3-g152610e (webtiles) character file.

42 buf2 the Vandal (level 3, 0/25 HPs)
             Began as a High Elf Hunter on Apr 15, 2016.
             Succumbed to an adder's poison
             ... on level 3 of the Dungeon on Apr 16, 2016.
             The game lasted 00:46:17 (3365 turns).

buf2 the Vandal (High Elf Hunter)                   Turns: 3365, Time: 00:46:17

Health: 0/25       AC:  6    Str: 16    XL:     3   Next: 35%
Magic:  4/4        EV: 13    Int: 15    God:
Gold:   152        SH:  0    Dex: 16    Spells: 0 memorised, 2 levels left

rFire  . . .     SeeInvis .     b - +0 short sword
rCold  . . .     Clarity  .     c - +2 leather armour
rNeg   . . .     SustAt   .     (no shield)
rPois  .         Gourm    .     (no helmet)
rElec  .         Spirit   .     g - +0 cloak (curse)
rCorr  .         Warding  .     (no gloves)
rMut   .         Stasis   .     (no boots)
MR     ++...                    (no amulet)
Stlth  ++........               (no ring)
                                j - ring of protection from magic

@: mighty, lethally poisoned (0 -> -6), very resistant to hostile enchantments,
unstealthy
A: claws 1, magic resistance 1, screaming 1
a: no special abilities


You were on level 3 of the Dungeon.
You were not hungry.

You visited 1 branch of the dungeon, and saw 3 of its levels.

You collected 152 gold pieces.

Inventory:

Hand Weapons
 a - a +1 hunting sling
 b - a +0 short sword (weapon)
 i - a cursed -2 mace
 m - a cursed -3 hand axe
 q - a +0 short sword
 r - a +0 short sword
Missiles
 d - 17 sling bullets (quivered)
 k - 28 stones
 o - 26 arrows
Armour
 c - a +2 leather armour (worn)
 g - a cursed +0 cloak (worn)
 h - a +0 leather armour
 p - a +0 leather armour
Jewellery
 j - a ring of protection from magic (left claw)
Potions
 f - 2 potions of might
Comestibles
 e - 3 bread rations
 l - 2 chunks of flesh


   Skills:
 + Level 2.4 Fighting
 + Level 0.8 Short Blades
 + Level 3.5 Slings
 + Level 1.0 Armour
 + Level 2.6 Dodging
 + Level 1.3 Stealth


You had 2 spell levels left.
You didn't know any spells.

Dungeon Overview and Level Annotations

Branches:
Dungeon (3/15)

Altars:
Cheibriados
Dithmenos
Sif Muna
The Shining One


Innate Abilities, Weirdness & Mutations

You have sharp fingernails.
You are resistant to hostile enchantments.
You occasionally shout uncontrollably at your foes.


Message History

You feel mightier all of a sudden.
* * * LOW HITPOINT WARNING * * *
You feel sick.
You see here an adder corpse.
You butcher the adder corpse.
* * * LOW HITPOINT WARNING * * *
You feel sick.
You see here 2 chunks of flesh.
Eat which item? (? for menu, Esc to quit)
Okay, then.
l - 2 chunks of flesh
* * * LOW HITPOINT WARNING * * *
You feel sick.
Eat which item? (? for menu, Esc to quit)
You aren't quite hungry enough to eat that!
* * * LOW HITPOINT WARNING * * *
You feel sick.
* * * LOW HITPOINT WARNING * * *
You feel sick.
You die...

.............##...#
........####.##..#
############.##..# #
#######..........###...
#⌠_.'.....#..........#
##⌠_.'..##.......###
.##############..# #.#
#..# .# #.@####.# .#
#.......# .# ##.####.#
.# #........ .#
######.## .#


There were no monsters in sight!

Vanquished Creatures
  An adder (D:3)
  A worm (D:2)
  A giant gecko (D:1)
  An orc (D:3)
  2 goblins
  4 hobgoblins
  A jackal (D:3)
  A quokka (D:3)
  A ball python (D:1)
  3 bats
  3 giant cockroaches
  A giant newt (D:2)
  5 kobolds
  5 rats
  3 fungi (D:1)
33 creatures vanquished.

Notes
Turn   | Place    | Note
--------------------------------------------------------------
     0 | D:1      | buf2 the High Elf Hunter began the quest for the Orb.
     0 | D:1      | Reached XP level 1. HP: 14/14 MP: 2/2
  1433 | D:2      | Reached XP level 2. HP: 19/19 MP: 3/3
  1857 | D:2      | Gained mutation: You have sharp fingernails. [potion of beneficial mutation]
  1942 | D:2      | Found a snail-covered altar of Cheibriados.
  1945 | D:2      | Found a glowing golden altar of the Shining One.
  2436 | D:2      | Gained mutation: You occasionally shout uncontrollably at your foes. [potion of mutation]
  2436 | D:2      | Gained mutation: You are resistant to hostile enchantments. [potion of mutation]
  3182 | D:3      | Reached XP level 3. HP: 23/25 MP: 4/4
  3320 | D:3      | Found a deep blue altar of Sif Muna.
  3320 | D:3      | Found a shadowy altar of Dithmenos.
  3357 | D:3      | Reached skill level 1 in Armour
  3364 | D:3      | HP: 1/25 [poisoned by an adder]
  3365 | D:3      | Succumbed to an adder's poison

Action                   || total
-------------------------++-------
Melee: Short sword       ||   128
 Fire: Hunting sling     ||     4
Throw: Stone             ||     9
  Use: Scroll            ||     7
       Potion            ||     9
  Eat: Chunk             ||     4
       Fruit             ||     2
       Pizza             ||     1
